 Dungeon Crawl Stone Soup version 0.27-a0-1147-gb3d8e82157 (webtiles) character file.

Game seed: 17445439844774091984

159 Shayle the Magician (level 5, -2/37 HPs)
             Began as a Palentonga Necromancer on May 12, 2021.
             Slain by a water moccasin skeleton (4 damage)
             ... on level 4 of the Dungeon.
             The game lasted 00:12:59 (4505 turns).

Shayle the Magician (Palentonga Necromancer)        Turns: 4505, Time: 00:13:00

Health: -2/37      AC:  8    Str: 12    XL:     5   Next: 17%
Magic:  10/12      EV:  9    Int: 16    God:
Gold:   55         SH:  0    Dex: 10    Spells: 6/14 levels left

rFire    . . .     SeeInvis +   b - staff of death
rCold    . . .     Faith    .   (no shield)
rNeg     + . .     Spirit   .   a - +0 robe
rPois    .         Reflect  .   (no helmet)
rElec    .         Harm     .   (no cloak)
rCorr    .         Rampage  .   (no gloves)
Will     .....                  (no barding)
Stlth    +.........             (no amulet)
HPRegen  0.12/turn              f - +4 ring of protection
MPRegen  0.13/turn              j - ring of wizardry

@: mighty
A: large, rugged brown scales 3, see invisible, deformed body, roll 1, armoured
tail
a: Rolling Charge


You were on level 4 of the Dungeon.
You visited 1 branch of the dungeon, and saw 4 of its levels.

You collected 110 gold pieces.
You spent 55 gold pieces at shops.

Inventory:

Hand Weapons
 h - a +2 antimagic dagger
Missiles
 e - 4 atropa-tipped darts
Armour
 a - a +0 robe (worn)
Magical Staves
 b - a staff of death (weapon)
Jewellery
 c - a +4 ring of protection
 f - a +4 ring of protection (left hand)
 j - a ring of wizardry (right hand)
 l - a ring of magical power
Scrolls
 d - 3 scrolls of teleportation
 i - a scroll of vulnerability {unknown}
 m - a scroll of fog
 n - a scroll of amnesia
Potions
 g - a potion of haste
 k - a potion of lignification


   Skills:
 - Level 1.5 Dodging
 - Level 1.2 Stealth
 + Level 5.0 Spellcasting
 - Level 4.0 Necromancy


You had 6 spell levels left.
You knew the following spells:

 Your Spells              Type           Power      Damage    Failure   Level
a - Pain                  Necr           100%       1d9       1%          1
b - Vampiric Draining     Necr           12%        2d7       3%          3
c - Animate Dead          Necr           12%        N/A       12%         4

Your spell library contained the following spells:

 Spells                   Type           Power      Damage    Failure   Level
 Animate Skeleton         Necr           50%        N/A       1%          1
 Agony                    Necr           25%        N/A       32%         5


Dungeon Overview and Level Annotations

Branches:
Dungeon (4/15)             Temple (0/1) D:4

Altars:
Qazlal
Ru
Uskayaw

Shops:
D:4 ?[(


Innate Abilities, Weirdness & Mutations

You are completely covered in rugged brown scales. (AC +3, +7% HP)
You have supernaturally acute eyesight. (SInv)
Armour fits poorly on your strangely shaped body.
You can roll at nearby foes to attack.
You have a long armoured tail.


Message History

You closely miss the water moccasin skeleton.
The water moccasin skeleton is heavily damaged.
The water moccasin skeleton bites you but does no damage.
You hit the water moccasin skeleton but do no damage.
The water moccasin skeleton is heavily damaged.
The water moccasin skeleton bites you.
The water moccasin skeleton bites you but does no damage.
You barely miss the water moccasin skeleton.
The water moccasin skeleton is heavily damaged.
The water moccasin skeleton barely misses you.
You hit the water moccasin skeleton but do no damage.
The water moccasin skeleton is heavily damaged.
The water moccasin skeleton bites you but does no damage.
You hit the water moccasin skeleton.
The water moccasin skeleton is heavily damaged.
The water moccasin skeleton bites you.
The water moccasin skeleton bites you but does no damage.
You hit the water moccasin skeleton but do no damage.
The water moccasin skeleton is heavily damaged.
The water moccasin skeleton closely misses you.
You hit the water moccasin skeleton.
The water moccasin skeleton is heavily damaged.
The water moccasin skeleton bites you but does no damage. x2
You barely miss the water moccasin skeleton.
The water moccasin skeleton is heavily damaged.
The water moccasin skeleton bites you.
* * * LOW HITPOINT WARNING * * *
You hit the water moccasin skeleton.
The water moccasin skeleton is severely damaged.
The water moccasin skeleton bites you.
* * * LOW HITPOINT WARNING * * *
The water moccasin skeleton bites you.
* * * LOW HITPOINT WARNING * * *
You closely miss the water moccasin skeleton.
The water moccasin skeleton is severely damaged.
The water moccasin skeleton barely misses you.
It was a potion of might.
You feel very mighty all of a sudden. The water moccasin skeleton bites you.
You die...

#....# #..........####
#....# #.#####.####
#...## #.#...#....#
#...####.#.#.####.#
#...##.......# #.#
##....(#.#.######.#
##########.#....#...#
#..........####.#.######
#......@.###....#.......
#.....Z...##.###########
##........##.# ##
#:.......##.# #.
########....# #.
#......# #. #.####.# ##
#. ..# #. #. #.# #.


You could see a water moccasin skeleton.

Vanquished Creatures
  5 adders
  A shadow imp (D:3)
  An adder skeleton (D:4)
  A worm (D:2)
  2 dart slugs
  3 orcs (D:3)
  8 bats
  7 endoplasms
  3 giant cockroaches
  6 goblins
  10 hobgoblins
  14 jackals
  7 kobolds
  5 quokkas
  4 ball pythons
  4 frilled lizards
  3 rats
84 creatures vanquished.

Vanquished Creatures (others)
  A goblin (D:3)
  5 fungi (D:1)
  5 plants (D:1)
11 creatures vanquished.

Grand Total: 95 creatures vanquished

Notes
Turn   | Place    | Note
-------+----------+-------------------------------------------
     0 | D:1      | Shayle the Palentonga Necromancer began the quest for the
                  | Orb.
     0 | D:1      | Reached XP level 1. HP: 13/13 MP: 3/3
   552 | D:1      | Found a faded altar of an unknown god.
   580 | D:1      | Reached XP level 2. HP: 18/20 MP: 3/5
  1015 | D:1      | Reached skill level 3 in Spellcasting
  1479 | D:1      | Reached XP level 3. HP: 19/25 MP: 1/7
  1483 | D:1      | Learned a level 3 spell: Vampiric Draining
  2119 | D:2      | Reached skill level 4 in Spellcasting
  2269 | D:2      | Reached XP level 4. HP: 30/32 MP: 7/10
  2649 | D:2      | Learned a level 4 spell: Animate Dead
  3449 | D:3      | Found a sacrificial altar of Ru.
  3579 | D:3      | Reached XP level 5. HP: 31/37 MP: 4/12
  3657 | D:3      | Found a stormy altar of Qazlal.
  4036 | D:4      | Found Lunusm's Weapon Emporium.
  4103 | D:4      | Reached skill level 5 in Spellcasting
  4161 | D:4      | Found a hide-covered altar of Uskayaw.
  4199 | D:4      | Found a staircase to the Ecumenical Temple.
  4318 | D:4      | Found Juemmokh's Armour Shop.
  4392 | D:4      | Found Betuig's Magic Scroll Boutique.
  4395 | D:4      | Bought a scroll of fog for 20 gold pieces
  4395 | D:4      | Bought a scroll of amnesia for 35 gold pieces
  4505 | D:4      | Slain by a water moccasin skeleton

Illustrated notes

Levels and vault maps discovered:
D:1:      lemuel_arrival_muddy, layout_basic, hellmonk_ecumenical_altar_lost_god
D:2:      layout_loops_cross
D:3:      layout_rooms, nicolae_ru_awakened_eye, grunt_qazlal_clouds
D:4:      layout_basic, nicolae_ashenzari_panopticon,
          eat_drink_and_be_merry_uskayaw, minmay_temple_entry_nine_rooms,
          serial_shops, shop, shop, kennysheep_mini_moat, shop

Skill      XL: |  1  2  3  4  5 |
---------------+----------------+-----
Spellcasting   | 3 4 5 |  5.0
Dodging        | |  1.5
Stealth        | |  1.2
Necromancy     | |  4.0

Action                   |  1- 3 |  4- 6 || total
-------------------------+-------+-------++-------
Melee: Unarmed           |    17 |       ||    17
       Tailslap          |     5 |     4 ||     9
       Staff             |    11 |    71 ||    82
 Cast: Pain              |    69 |    78 ||   147
  Use: Scroll            |       |     5 ||     5
       Potion            |       |     5 ||     5
 Stab: Sleeping          |       |     1 ||     1
Armor: Robe              |    21 |    59 ||    80
       Skin              |       |     9 ||     9
Dodge: Dodged            |    21 |    51 ||    72

Table legend: (Time is in decaauts)
 A = Elapsed time spent in this place.
 B = Non-inter-level travel time spent in this place.
 C = Inter-level travel time spent in this place.
 D = Time resting spent in this place.
 E = Time spent auto-exploring this place.
 F = Levels seen in this place.
 G = Mean time per level.
                   A        B        C        D        E       F      G
               +--------+--------+--------+--------+--------+-----+--------+
         Total |   4521 |   4460 |     61 |   1024 |   2681 |   4 | 1130.2 |
       Dungeon |   4521 |   4460 |     61 |   1024 |   2681 |   4 | 1130.2 |
               +--------+--------+--------+--------+--------+-----+--------+

Top non-repeatable levels by time:
     D:1: 1821 daAuts
     D:2: 1274 daAuts
     D:3: 934 daAuts
     D:4: 490 daAuts
